 Dungeon Crawl Stone Soup version 0.29-a0-350-g7790a0e70a (webtiles) character file.

Game seed: 10928395929103570939

48 Antichthon the Chopper (level 3, 0/32 HPs)
             Began as a Naga Warper on Apr 23, 2022.
             Slain by an adder (1 damage)
             ... on level 2 of the Dungeon.
             The game lasted 00:02:06 (2134 turns).

Antichthon the Chopper (Naga Warper)                Turns: 2134, Time: 00:02:06

Health: 0/32       AC:  2    Str: 13    XL:     3   Next: 72%
Magic:  6/6        EV:  9    Int: 13    God:
Gold:   54         SH:  0    Dex: 12    Spells: 1/6 levels left

rFire   . . .      SeeInvis +   a - +0 hand axe
rCold   . . .      Faith    .   (no shield)
rNeg    . . .      Spirit   .   b - +0 leather armour
rPois   +          Reflect  .   (no helmet)
rElec   .          Harm     .   (no cloak)
rCorr   .          Rampage  .   (no gloves)
Will    .....                   (no barding)
Stlth   +.........              (no amulet)
HPRegen 0.10/turn               (no ring)
MPRegen 0.10/turn               (no ring)

@: lethally poisoned (0 -> -3), attractive, very slow
A: AC +1, large, see invisible, deformed body, poison resistance, slowness 2,
spit poison 1, naga tail 1
a: Spit Poison


You were on level 2 of the Dungeon.
You visited 1 branch of the dungeon, and saw 2 of its levels.

You collected 54 gold pieces.

Inventory:

Hand Weapons
 a - a +0 hand axe (weapon)
Missiles
 d - 7 boomerangs of dispersal (quivered)
Armour
 b - a +0 leather armour (worn)
Jewellery
 l - a ring of willpower
 m - an amulet of guardian spirit
Scrolls
 c - 4 scrolls of blinking
 h - a scroll of noise {unknown}
 i - 3 scrolls of fog {unknown}
 j - a scroll of identify {unknown}
 k - a scroll of teleportation {unknown}
 n - a scroll of fear {unknown}
Potions
 e - a potion of haste {unknown}
 f - a potion of attraction
 g - a potion of flight {unknown}


   Skills:
 - Level 2.0 Fighting
 + Level 4.0 Axes
 - Level 0.8 Throwing
 - Level 0.7 Armour
 - Level 1.5 Dodging
 - Level 2.0 Spellcasting
 - Level 3.0 Translocations


You had one spell level left.
You knew the following spells:

 Your Spells              Type           Power      Damage    Failure   Level
a - Blink                 Tloc           18%        N/A       14%         2
b - Teleport Other        Tloc           9%         N/A       28%         3

Your spell library contained the following spells:

 Spells                   Type           Power      Damage    Failure   Level
 Gell's Gravitas          Tloc           9%         N/A       28%         3
 Lesser Beckoning         Tloc           9%         N/A       28%         3
 Manifold Assault         Tloc           9%         N/A       95%         5


Dungeon Overview and Level Annotations

Branches:
Dungeon (2/15)

Altars:


Innate Abilities, Weirdness & Mutations

Your serpentine skin is tough. (AC +1)
You have supernaturally acute eyesight. (SInv)
Armour fits poorly on your strangely shaped body.
Your system is resistant to poisons. (rPois)
You cover ground very slowly.
You can spit poison.
You have a snake-like lower body.


Message History

The splash of poison misses the adder.
The adder completely misses you.
You closely miss the adder. The adder bites you but does no damage.
You closely miss the adder. The adder closely misses you. The adder bites you.
You closely miss the adder. The adder bites you but does no damage.
You closely miss the adder. The adder bites you.
You are poisoned.
The adder poisons you! The adder barely misses you.
Okay, then.
You hit the adder but do no damage.
You have got your breath back.
You feel sick. The adder barely misses you.
Aiming: Spit Poison (2% risk of failure)
Press: ? - help, Shift-Dir - straight line, f/p - adder
Aim: an adder (37% to hit)
The splash of poison hits the adder!
The adder is severely wounded.
You feel sick. The adder closely misses you.
Unknown command.
You miss the adder.
The adder is severely wounded.
You feel sick.
You are no longer poisoned.
The adder bites you.
* * * LOW HITPOINT WARNING * * *
The adder bites you.
* * * LOW HITPOINT WARNING * * *
You are poisoned.
The adder poisons you!
You barely miss the adder.
The adder is severely wounded.
You have got your breath back.
* * * LOW HITPOINT WARNING * * *
You feel sick. The adder bites you.
* * * LOW HITPOINT WARNING * * *
Unknown command.
It was a potion of attraction.
You feel attractive to monsters.
* * * LOW HITPOINT WARNING * * *
You feel sick. The adder bites you.
You die...

.# .# .# ##### ##### ..
.... .... .# #.. ..#####
.# #.# #.#...# #
.####.#######.#†#S#..###
>...............@.....!.
)####.#######.#.#.#..###
.# #.........#.#.# # .#
#.........#.#.#
.####.........#<..#
.#...........##.###
.#.###.......##..
.#.####.#########
(#........#


You could see an adder.

Vanquished Creatures
  An adder (D:2)
  2 dart slugs (D:1)
  2 ball pythons (D:1)
  2 bats (D:1)
  2 endoplasms
  2 giant cockroaches (D:1)
  3 goblins (D:1)
  5 hobgoblins
  2 quokkas
  A frilled lizard (D:2)
  6 kobolds
  2 rats (D:1)
  A spectral hobgoblin (D:1)
31 creatures vanquished.

Notes
Turn   | Place    | Note
-------+----------+-------------------------------------------
     0 | D:1      | Antichthon the Naga Warper began the quest for the Orb.
     0 | D:1      | Reached XP level 1. HP: 19/19 MP: 3/3
   163 | D:1      | Reached XP level 2. HP: 9/26 MP: 5/5
   582 | D:1      | HP: 1/26 [quokka (3)]
   585 | D:1      | Reached skill level 3 in Axes
  1435 | D:1      | Reached XP level 3. HP: 18/32 MP: 6/6
  1763 | D:1      | Found a faded altar of an unknown god.
  1900 | D:1      | Learned a level 2 spell: Blink
  1904 | D:1      | Learned a level 3 spell: Teleport Other
  2076 | D:2      | Reached skill level 4 in Axes
  2134 | D:2      | HP: 1/32 [poisoned by an adder]
  2134 | D:2      | Slain by an adder

Illustrated notes

Levels and vault maps discovered:
D:1:      dpeg_arrival_round_b, layout_loops_ring,
          dreamdust_ecumenical_altar_drowned_temple, minmay_split_cup_large
D:2:      layout_basic, uniq_crazy_yiuf_cottage, uniq_sigmund

Skill      XL: |  1  2  3 |
---------------+----------+-----
Axes           | 3 4 |  4.0
Fighting       | |  2.0
Throwing       | |  0.8
Armour         | |  0.7
Dodging        | |  1.5
Spellcasting   | |  2.0
Translocations | |  3.0

Action                   || total
-------------------------++-------
Melee: Hand axe          ||    99
 Abil: Spit Poison       ||    15
  Use: Potion            ||     1
Armor: Leather armour    ||    27
Dodge: Dodged            ||    58

Table legend: (Time is in decaauts)
 A = Elapsed time spent in this place.
 B = Non-inter-level travel time spent in this place.
 C = Inter-level travel time spent in this place.
 D = Time resting spent in this place.
 E = Time spent auto-exploring this place.
 F = Levels seen in this place.
 G = Mean time per level.
                   A        B        C        D        E       F      G
               +--------+--------+--------+--------+--------+-----+--------+
         Total |   2440 |   2369 |     71 |      0 |   2075 |   2 | 1220.0 |
       Dungeon |   2440 |   2369 |     71 |      0 |   2075 |   2 | 1220.0 |
               +--------+--------+--------+--------+--------+-----+--------+

Top non-repeatable levels by time:
     D:1: 2222 daAuts
     D:2: 218 daAuts
